 Dungeon Crawl Stone Soup version 0.31-a0-408-gb642c7f9a3 (webtiles) character file.

Game seed: 7357404289553386750

805 floatRand the Ruffian (level 7, -7/52 HPs)
             Began as a Black Draconian Shapeshifter on July 29, 2023.
             Mangled by an ogre
             ... wielding a +0 giant spiked club
              (34 damage)
             ... on level 6 of the Dungeon.
             The game lasted 00:03:31 (4374 turns).

floatRand the Ruffian (DrSh)                        Turns: 4374, Time: 00:03:31

Health: -7/52      AC:  6    Str: 17    XL:     7   Next: 60%
Magic:  7/7        EV: 12    Int:  8    God:
Gold:   245        SH:  0    Dex: 14    Spells: 6/6 levels left

rFire   . .          .
                       - Unarmed
rCold   . . .        (no shield)
rNeg    . . .        (body armour unavailable)
rPois   .            (helmet currently unavailable)
rElec   +            (cloak currently unavailable)
rCorr   .            (gloves currently unavailable)
SInv    +            (boots currently unavailable)
Will    +....        (no amulet)
Stlth   +            m - ring of willpower
HPRegen 0.28/turn    r - ring of see invisible
MPRegen 0.10/turn

%: no passive effects
@: beast-form
A: beast (slay +3), breathe lightning, AC +6, unfitting armour, electricity
resistance, cold-blooded
a: Breathe Lightning, Begin Untransformation


You were on level 6 of the Dungeon.
You were a hulking beast.
You visited 1 branch of the dungeon, and saw 6 of its levels.

You collected 245 gold pieces.

Inventory:

Armour
 v - a +0 pair of gloves
Jewellery
 m - a ring of willpower (left hand)
 r - a ring of see invisible (right hand)
Talismans
 b - a beast talisman
Wands
 q - a wand of acid (8)
 t - a wand of polymorph (10)
Scrolls
 d - 3 scrolls of vulnerability {unknown}
 e - a scroll of enchant weapon {unknown}
 f - a scroll of enchant armour {unknown}
 g - 2 scrolls of fog {unknown}
 i - 3 scrolls of teleportation {unknown}
 j - 3 scrolls of identify {unknown}
 n - a scroll of noise {unknown}
 p - a scroll of brand weapon {unknown}
 w - a scroll of summoning {unknown}
Potions
 a - a potion of attraction {unknown}
 c - 2 potions of curing
 h - 3 potions of heal wounds {unknown}
 k - a potion of berserk rage {unknown}
 l - a potion of haste {unknown}
 o - 2 potions of magic {unknown}
 s - a potion of might {unknown}
 u - a potion of mutation {unknown}
 x - 2 potions of degeneration {unknown}


   Skills:
 - Level 1.1 Fighting
 - Level 1.7 Dodging
 * Level 7.6 Unarmed Combat
 + Level 5.1 Shapeshifting


You had 6 spell levels left.
You didn't know any spells.
Your spell library contained the following spells:

 Spells                   Type           Power      Damage    Failure   Level
 Apportation              Tloc           0%         N/A       41%         1
 Magic Dart               Conj           0%         1d3       41%         1
 Necrotise                Necr           0%         1d4       41%         1
 Sting                    Tmut/Pois      0%         1d3       41%         1
 Summon Small Mammal      Summ           0%         N/A       41%         1
 Call Imp                 Summ           0%         N/A       54%         2
 Ensorcelled Hibernation  Hex/Ice        0%         N/A       54%         2
 Passwall                 Tmut/Erth      0%         N/A       54%         2
 Poisonous Vapours        Pois/Air       0%         N/A       54%         2
 Searing Ray              Conj           0%         2d4       54%         2
 Static Discharge         Conj/Air       0%         2-2/arc   54%         2
 Mephitic Cloud           Conj/Pois/Air  0%         N/A       78%         3
 Swiftness                Air            0%         N/A       78%         3
 Airstrike                Air            0%         2d(0-16)  99%         4
 Fulminant Prism          Conj/Hex       0%         3d5       99%         4
 Olgreb's Toxic Radiance  Pois           0%         N/A       99%         4
 Summon Lightning Spire   Summ/Air       0%         N/A       99%         4


Dungeon Overview and Level Annotations

Branches:
Dungeon (6/15)
 Temple: D:4-7

Altars:
Ashenzari
Makhleb
Nemelex Xobeh
Okawaru

Annotations:
D:3 2 transporters, 1 runed translucent door, Crazy Yiuf
D:6 1 transporter


Innate Abilities, Weirdness & Mutations

You are a hulking beast.
Your limbs bulge with bestial killing power. (Slay +3)
You can breathe wild blasts of lightning.
Your glossy black scales are hard. (AC +6)
You cannot fit into any form of body armour.
You are resistant to electric shocks. (rElec)
You are cold-blooded and may be slowed by cold attacks.


Message History

No target in view!
Found a scroll labelled VOGGUNL LELIEQ.
You see here a black bear corpse.
Unknown command.
No target in view!
HP restored.
You see here a black bear corpse.
w - a scroll labelled VOGGUNL LELIEQ
Found 4 stones.
x - 2 lumpy sapphire potions You now have 245 gold pieces (gained 11).
An iguana comes into view.
An iguana is nearby!
An iguana is nearby!
An iguana is nearby!
Found a puce potion and 15 gold pieces.
The iguana hisses angrily.
You see here 4 stones.
You barely miss the iguana.
Your tail-slap misses the iguana.
The iguana bites you!
You hit the iguana. You tail-slap the iguana. Your punch misses the iguana.
The iguana is lightly wounded.
The iguana barely misses you.
An ogre comes into view. It is wielding a +0 giant spiked club.
You closely miss the iguana.
The iguana is lightly wounded.
The ogre shouts!
You hit the iguana.
The iguana is heavily wounded.
The iguana bites you.
Unknown command.
You hit the iguana. You punch the iguana.
The iguana is severely wounded.
The iguana bites you!
You hit the iguana but do no damage.
The iguana is severely wounded.
The iguana misses you.
The ogre hits you with a +0 giant spiked club!!
Ouch! That really hurt!
You die...

#.###### ##......#
#......# #.##.###
#.####.########.##.#
#...........##.###
##
#..............†..
#..
#.#########.......
##...##.# #....©....
........# #.#######.
...!...h# #.#8.©.8#.
......Ol# #.#P./.P#.
.#...#..# #.###+###.
#...#... #.#~...~#.
### #... .#~...~#.
##.$. ~~~~~#. #...
##.##


You could see an ogre and an iguana.

Vanquished Creatures
  A steam dragon (D:5)
  An ice beast (D:5)
  A black bear (D:6)
  2 phantoms
  A scorpion (D:5)
  2 hounds
  A jelly (D:5)
  3 sleepcaps (D:5)
  4 adders
  A shadow imp (D:5)
  A worm (D:2)
  A dart slug (D:3)
  3 orcs
  8 endoplasms
  5 giant cockroaches
  6 goblins
  4 hobgoblins
  2 jackals (D:5)
  4 quokkas
  6 ball pythons
  3 bats
  A frilled lizard (D:1)
  9 kobolds
  2 rats
72 creatures vanquished.

Notes
Turn   | Place    | Note
-------+----------+-------------------------------------------
     0 | D:1      | floatRand the Draconian Shapeshifter began the quest for
                  | the Orb.
     0 | D:1      | Reached XP level 1. HP: 16/16 MP: 1/1
   180 | D:1      | Reached XP level 2. HP: 23/23 MP: 2/2
   643 | D:2      | Reached XP level 3. HP: 25/28 MP: 3/3
   751 | D:2      | Reached skill level 4 in Unarmed Combat
   769 | D:2      | Found a faded altar of an unknown god.
  1251 | D:3      | Found a burning altar of Makhleb.
  1256 | D:3      | Found a transporter.
  1360 | D:3      | Reached XP level 4. HP: 10/35 MP: 4/4
  1851 | D:3      | Found a transporter.
  1976 | D:3      | Found a runed translucent door.
  1977 | D:3      | Noticed Crazy Yiuf
  2735 | D:4      | Noticed a phantom
  2745 | D:4      | Killed a phantom
  2746 | D:4      | Reached skill level 5 in Unarmed Combat
  2746 | D:4      | Reached XP level 5. HP: 24/40 MP: 5/5
  3260 | D:5      | Entered Level 5 of the Dungeon
  3323 | D:5      | HP: 3/60 [poisoned by a scorpion]
  3328 | D:5      | Reached XP level 6. HP: 11/47 MP: 6/6
  3559 | D:5      | Noticed Edmund
  3654 | D:5      | Reached skill level 6 in Unarmed Combat
  3755 | D:5      | Noticed an ice beast
  3776 | D:5      | Killed an ice beast
  3948 | D:5      | Found a sparkling altar of Nemelex Xobeh.
  3957 | D:5      | Your scales start taking on a glossy black colour.
  3957 | D:5      | Reached XP level 7. HP: 42/52 MP: 7/7
  3957 | D:5      | Gained mutation: You are resistant to electric shocks.
                  | (rElec) [Black Draconian growth]
  4056 | D:5      | Edmund changed into Edmund the steam dragon
  4056 | D:5      | Noticed Edmund
  4061 | D:5      | Killed Edmund the steam dragon
  4062 | D:5      | Reached skill level 7 in Unarmed Combat
  4096 | D:5      | Reached skill level 5 in Shapeshifting
  4291 | D:6      | Found a broken altar of Ashenzari.
  4291 | D:6      | Found an iron altar of Okawaru.
  4322 | D:6      | Found a transporter.
  4374 | D:6      | Mangled by an ogre

Illustrated notes

Levels and vault maps discovered:
D:1:      lightli_iron_boxes, layout_loops_ring
D:2:      layout_basic, hellmonk_ecumenical_altar_run_dry
D:3:      gammafunk_wand_slinger, layout_basic,
          mainiacjoe_overflow_concentric_impassable, uniq_crazy_yiuf_cottage
D:4:      layout_basic, serial_corexii_hall, chequers_hall_statues_wall_a,
          chequers_hall_statues_corner_a
D:5:      layout_rooms, lemuel_coloured_pillars_altar, uniq_edmund
D:6:      gammafunk_steamed_eel, layout_loops_ring,
          mainiacjoe_overflow_chevrons, mainiacjoe_overflow_alcove_1,
          gammafunk_temple_overflow_statue, minmay_temple_entry_fiery

Skill      XL: |  1  2  3  4  5  6  7 |
---------------+----------------------+-----
Unarmed Combat | 4 5 6 7 |  7.6
Shapeshifting  | 4 5 |  5.1
Fighting       | |  1.1
Dodging        | |  1.7

Action                     |  1- 3 |  4- 6 |  7- 9 || total
---------------------------+-------+-------+-------++-------
  Melee: Unarmed           |   101 |   117 |    20 ||   238
         Tailslap          |     9 |    12 |     4 ||    25
         Punch             |       |     4 |     1 ||     5
  Evoke: Wand              |       |       |     4 ||     4
    Use: Potion            |       |     3 |       ||     3
   Stab: Sleeping          |     2 |     5 |     1 ||     8
 Armour: Skin              |    20 |    43 |     4 ||    67
  Dodge: Dodged            |    62 |    57 |    10 ||   129

Table legend: (Time is in decaauts)
 A = Elapsed time spent in this place.
 B = Non-inter-level travel time spent in this place.
 C = Inter-level travel time spent in this place.
 D = Time resting spent in this place.
 E = Time spent auto-exploring this place.
 F = Levels seen in this place.
 G = Mean time per level.
                   A        B        C        D        E       F      G
               +--------+--------+--------+--------+--------+-----+--------+
         Total |   4348 |   4193 |    155 |    657 |   2808 |   6 |  724.7 |
       Dungeon |   4348 |   4193 |    155 |    657 |   2808 |   6 |  724.7 |
               +--------+--------+--------+--------+--------+-----+--------+

Top non-repeatable levels by time:
     D:3: 1094 daAuts
     D:5: 1012 daAuts
     D:4: 999 daAuts
     D:2: 622 daAuts
     D:1: 530 daAuts
     D:6: 88 daAuts
